Map: Neon Violet Square LE

Players

Krr

  • Race: Protoss Protoss
  • Spawn Location: 5:00

souL - Winner!

  • Race: Terran Terran
  • Spawn Location: 11:00

Event: IEM Season 12 - Katowice

VOD

Have the link to the VOD?

Description

Time

  • Played on: Feb. 26, 2018, 7:34 a.m.
  • Length: 9:15

All games in this series

Show
View Real Time Build Order
Export as new Build Order

Krr Protoss 

Build Orders: 1 Gate Expand, Blink Stalkers, Colossus Rush 

Get SALT Encoding   

  12  0:00  Probe  
  13  0:12  Probe  
  14  0:18  Pylon  
  14  0:25  Probe (Chrono Boost)  
  15  0:37  Probe (Chrono Boost), Gateway  
  16  0:45  Probe (Chrono Boost)  
  16  0:46  Assimilator  
  17  0:51  Probe  
  18  1:03  Probe  
  19  1:15  Probe  
  20  1:23  Nexus  
  20  1:34  Cybernetics Core  
  20  1:36  Probe  
  21  1:41  Assimilator  
  21  1:48  Probe  
  21  1:52  Pylon  
  22  2:01  Probe  
  23  2:08  Stalker (Chrono Boost)  
  23  2:11  Warp Gate  
  23  2:13  Probe  
  26  2:25  Probe  
  26  2:27  Twilight Council  
  27  2:35  Stalker  
  29  2:37  Probe (Chrono Boost)  
  29  2:38  Probe (Chrono Boost)  
  30  2:48  Probe x2 (Chrono Boost)  
  32  2:52  Probe (Chrono Boost)  
  32  2:53  Probe (Chrono Boost)  
  34  3:05  Stalker  
  36  3:06  Probe x2  
  36  3:11  Gateway  
  38  3:16  Gateway  
  38  3:20  Blink (Chrono Boost)  
  38  3:28  Shield Battery  
  38  3:30  Probe  
  38  3:32  Probe  
  40  3:36  Pylon  
  40  3:42  Probe  
  40  3:44  Probe  
  40  3:46  Assimilator  
  42  3:53  Pylon  
  42  3:54  Probe  
  43  3:56  Probe  
  44  4:03  Pylon  
  43  4:17  Robotics Facility  
  43  4:21  Stalker x2  
  43  4:23  Stalker  
  49  4:26  Probe x2  
  45  4:45  Stalker x2  
  45  4:47  Stalker  
  42  4:55  Probe x2  
  42  5:04  Assimilator  
  42  5:05  Observer  
  43  5:07  Probe x2  
  43  5:08  Robotics Bay  
  43  5:11  Stalker  
  47  5:15  Stalker  
  47  5:19  Probe x2  
  51  5:22  Stalker  
  51  5:26  Pylon  
  53  5:31  Probe  
  53  5:32  Probe  
  55  5:47  Stalker x2  
  55  5:48  Stalker  
  61  5:53  Colossus (Chrono Boost)  
  67  5:58  Pylon  
  66  6:10  Extended Thermal Lance (Chrono Boost)  
  66  6:14  Pylon  
  66  6:18  Probe x2  
  68  6:27  Colossus (Chrono Boost)  
  74  6:44  Gateway  
  74  6:45  Gateway  
  74  6:47  Charge (Chrono Boost)  
  74  6:48  Gateway x2  
  74  6:50  Gateway  
  74  6:58  Gateway  
  74  7:02  Pylon  
  74  7:08  Sentry x3  
  78  7:10  Warp Prism (Chrono Boost)  
  82  7:21  Pylon  
  82  7:23  Pylon  
  82  7:36  Gateway  
  82  7:41  Stalker x3  
  82  7:43  Stalker  
  90  7:53  Zealot x2  
  90  7:54  Zealot  
  90  7:55  Zealot  
  98  8:02  Pylon  
  98  8:15  Sentry x3, Stalker  
  98  8:16  Stalker x2  
  110  8:20  Stalker  
  110  8:24  Stalker  
  108  8:43  Zealot x4  
  108  8:44  Zealot  
  100  8:53  Zealot x2  
  84  8:56  Zealot  
  84  9:01  Zealot  
  76  9:07  Sentry x4  
Show
View Real Time Build Order
Export as new Build Order

souL Terran - Winner!

Build Orders: Cyclone Opening, MMM Bio 

Get SALT Encoding   

  12  0:00  SCV  
  13  0:12  SCV  
  14  0:17  Supply Depot  
  14  0:25  SCV  
  15  0:29  Refinery  
  15  0:39  SCV  
  16  0:45  Barracks  
  16  0:51  SCV  
  17  1:05  SCV  
  18  1:17  SCV  
  19  1:32  Orbital Command, Marine  
  20  1:48  Command Center  
  20  1:57  Factory  
  20  2:00  SCV  
  21  2:06  Refinery  
  21  2:08  Barracks Reactor  
  21  2:13  SCV  
  22  2:19  Supply Depot  
  22  2:25  SCV  
  23  2:41  SCV  
  24  2:47  Cyclone x2  
  24  2:51  Marine  
  31  2:59  SCV, Orbital Command  
  32  3:11  SCV  
  33  3:19  Cyclone  
  36  3:23  SCV  
  36  3:24  Cyclone  
  36  3:25  SCV  
  41  3:28  Supply Depot  
  41  3:34  Barracks Tech Lab  
  41  3:35  SCV  
  41  3:40  Supply Depot, SCV  
  43  3:48  SCV  
  44  3:53  SCV  
  45  4:00  SCV  
  46  4:05  SCV  
  46  4:10  Cyclone  
  46  4:12  SCV  
  46  4:13  Cyclone  
  46  4:17  Supply Depot, SCV  
  53  4:19  Marine  
  54  4:24  SCV  
  54  4:29  SCV  
  55  4:36  SCV  
  50  4:41  SCV  
  54  4:48  SCV  
  55  4:53  SCV  
  49  5:00  SCV, Command Center  
  49  5:04  Barracks  
  49  5:05  SCV, Barracks  
  48  5:09  Siege Tank, Marine x2  
  48  5:12  SCV  
  48  5:13  Bunker  
  54  5:15  Engineering Bay  
  54  5:17  SCV  
  55  5:21  Refinery  
  55  5:23  Supply Depot  
  55  5:24  SCV  
  55  5:27  Starport  
  56  5:29  SCV  
  56  5:32  Marine  
  56  5:34  Marine  
  59  5:36  SCV  
  59  5:41  SCV, Siege Tank  
  64  5:45  Refinery  
  64  5:48  Bunker  
  64  5:49  SCV  
  64  5:50  Supply Depot, Marine  
  64  5:52  Barracks Tech Lab  
  64  5:53  SCV, Marine, Barracks Tech Lab  
  67  5:59  Supply Depot  
  67  6:01  SCV  
  65  6:06  SCV  
  65  6:07  Starport Reactor  
  65  6:08  Marine  
  65  6:09  Terran Infantry Weapons Level 1  
  64  6:11  Marine  
  64  6:13  Missile Turret, Orbital Command  
  64  6:14  Stimpack  
  64  6:15  Marine  
  64  6:16  Marauder  
  68  6:20  Combat Shields  
  68  6:24  SCV  
  69  6:26  Marine  
  69  6:27  SCV  
  69  6:29  Marine, Factory Reactor  
  72  6:33  Marine  
  72  6:36  Marine  
  74  6:44  Marine  
  74  6:45  SCV  
  76  6:47  Marine  
  76  6:52  Medivac x2, Marauder  
  83  6:55  Barracks, Marauder  
  83  6:56  Barracks  
  83  7:01  SCV, Marine  
  86  7:02  Supply Depot  
  86  7:03  Supply Depot  
  86  7:04  Marine  
  86  7:05  Orbital Command  
  86  7:06  SCV  
  89  7:11  Widow Mine  
  89  7:13  SCV  
  89  7:14  Widow Mine  
  94  7:18  SCV  
  94  7:20  Marauder x2  
  94  7:22  Medivac  
  101  7:29  Supply Depot, Bunker  
  100  7:31  SCV  
  100  7:36  Missile Turret  
  101  7:41  Widow Mine x2  
  101  7:42  Marauder  
  107  7:45  Barracks Reactor, Marauder x2  
  107  7:46  SCV  
  107  7:49  SCV, Marine  
  114  7:51  Marine  
  114  7:52  Sensor Tower  
  115  8:00  Supply Depot  
  115  8:02  Marine  
  115  8:03  Supply Depot, SCV  
  115  8:05  Supply Depot  
  117  8:06  Marine, Marauder x2  
  117  8:07  Widow Mine  
  117  8:11  Liberator x2  
  124  8:15  Marine  
  125  8:21  Supply Depot, Marine, Marauder  
  125  8:22  Supply Depot x3  
  128  8:28  Marauder x2  
  137  8:34  Marine  
  137  8:39  Marine  
  137  8:40  Marine  
  136  8:41  Marine  
  136  8:42  Marauder  
  120  8:48  Marine  
  120  8:49  Marauder  
  120  8:52  Marine  
  117  8:57  Marine  

Tags
 
Add a new tag
Caveats
  • Supply blocks, unpowered buildings, or Contaminate may cause inaccurate times.
  • Supply counts are checked every 10 seconds.